 Dungeon Crawl Stone Soup version 0.29-a0-338-g1ff7896281 (webtiles) character file.

Game seed: 6334286473507864552

162 Jortsu the Shield-Bearer (level 5, -2/53 HPs)
             Began as a Troll Fighter on Apr 19, 2022.
             Succumbed to a scorpion's poison
             ... on level 4 of the Dungeon.
             The game lasted 00:04:04 (1978 turns).

Jortsu the Shield-Bearer (Troll Fighter)            Turns: 1978, Time: 00:04:04

Health: -2/53      AC:  5    Str: 26    XL:     5   Next: 19%
Magic:  4/4        EV:  9    Int:  4    God:
Gold:   205        SH:  7    Dex:  9    Spells: 4/4 levels left

rFire   . . .      SeeInvis .   k - +0 whip
rCold   . . .      Faith    .   c - +0 kite shield
rNeg    . . .      Spirit   .   b - +1 robe
rPois   .          Reflect  .   (helmet restricted)
rElec   .          Harm     .   (no cloak)
rCorr   .          Rampage  .   (gloves unavailable)
Will    .....                   (boots unavailable)
Stlth   +.........              (no amulet)
HPRegen 0.97/turn               (no ring)
MPRegen 0.09/turn               (no ring)

@: lethally poisoned (-2 -> -12)
A: large, unfitting armour, claws 3, regeneration 1, shaggy fur 1, tough skin 1
a: no special abilities


You were on level 4 of the Dungeon.
You visited 1 branch of the dungeon, and saw 4 of its levels.

You collected 205 gold pieces.

Inventory:

Hand Weapons
 a - a +0 flail
 k - a +0 whip (weapon)
Armour
 b - a +1 robe (worn)
 c - a +0 kite shield (worn)
Scrolls
 h - a scroll of immolation {unknown}
Potions
 d - 2 potions of might
 e - 2 potions of mutation
 f - a potion of attraction {unknown}
 g - a potion of brilliance {unknown}
 i - a potion of curing {unknown}
 j - 2 potions of heal wounds
 m - a potion of degeneration {unknown}


   Skills:
 + Level 3.0 Fighting
 + Level 2.7 Maces & Flails
 + Level 3.2 Dodging
 + Level 0.1 Stealth
 + Level 3.4 Shields


You had 4 spell levels left.
You didn't know any spells.
Your spell library contained the following spells:

 Spells                   Type           Power      Damage    Failure   Level
 Dazzling Flash           Conj/Hex       0%         N/A       99%         3
 Gell's Gravitas          Tloc           0%         N/A       99%         3
 Lesser Beckoning         Tloc           0%         N/A       99%         3
 Teleport Other           Tloc           0%         N/A       99%         3
 Agony                    Necr           0%         N/A       100%        5
 Silence                  Hex/Air        0%         N/A       100%        5


Dungeon Overview and Level Annotations

Branches:
Dungeon (4/15)
 Temple: D:4-7

Altars:

Shops:
D:1 *


Innate Abilities, Weirdness & Mutations

You are too large for most types of armour.
You have claws for hands.
Your natural rate of healing is unusually fast.
You are covered in fur. (AC +1)
You have tough skin. (AC +1)


Message History

The scorpion stings you.
You are poisoned.
The scorpion poisons you! The scorpion stings you.
You are more poisoned.
The scorpion poisons you!
You hit the scorpion.
The scorpion is moderately wounded.
You feel very sick. You block the scorpion's attack.
You closely miss the scorpion.
The scorpion is moderately wounded.
You feel very sick. The scorpion stings you.
You are more poisoned.
The scorpion poisons you!
You hit the scorpion.
The scorpion is heavily wounded.
You feel extremely sick. The scorpion stings you.
The scorpion barely misses you.
You barely miss the scorpion.
The scorpion is heavily wounded.
You feel very sick. The scorpion stings you.
* * * LOW HITPOINT WARNING * * *
You are lethally poisoned!
The scorpion poisons you!
You barely miss the scorpion.
The scorpion is heavily wounded.
* * * LOW HITPOINT WARNING * * *
You feel extremely sick. You block the scorpion's attack.
You barely miss the scorpion.
The scorpion is heavily wounded.
You hear the slow rusting of a very distant drain.
* * * LOW HITPOINT WARNING * * *
You feel very sick. The scorpion completely misses you.
You hit the scorpion.
The scorpion is heavily wounded.
You die...

#. #?#.. ### #.##
... ##.. #.### #
#.# ...# .# ###.#
#.####.###.......
#)..............#
#.###!##.##########
# #..s@.##.# #
###.####.#
#.####.#########
#..............####
######.......#.....
#######.###### #...
#####


You could see a scorpion.

Vanquished Creatures
  A jelly (D:4)
  An orc wizard (D:3)
  3 adders
  2 worms
  5 orcs (D:3)
  7 endoplasms
  A giant cockroach (D:2)
  4 goblins
  6 hobgoblins
  4 jackals (D:1)
  8 kobolds
  2 quokkas
  7 ball pythons
  9 bats
  3 frilled lizards
  7 rats
70 creatures vanquished.

Notes
Turn   | Place    | Note
-------+----------+-------------------------------------------
     0 | D:1      | Jortsu the Troll Fighter began the quest for the Orb.
     0 | D:1      | Reached XP level 1. HP: 22/22 MP: 0/0
    54 | D:1      | Reached XP level 2. HP: 24/29 MP: 1/1
   249 | D:1      | Found Buezom's General Store.
   368 | D:1      | Reached XP level 3. HP: 35/36 MP: 2/2
   739 | D:2      | Reached XP level 4. HP: 44/44 MP: 3/3
  1941 | D:4      | Reached XP level 5. HP: 19/53 MP: 4/4
  1977 | D:4      | HP: 2/53 [poisoned by a scorpion]
  1978 | D:4      | Succumbed to a scorpion's poison

Illustrated notes

Levels and vault maps discovered:
D:1:      dpeg_arrival_refuge, layout_rooms, serial_shops, shop,
          minmay_pentomino_o2
D:2:      layout_rooms
D:3:      layout_basic
D:4:      layout_loops_ring, serial_shops, kennysheep_mini_moat,
          lightli_sewer_entry_pipes

Skill      XL: |  1  2  3  4 |
---------------+-------------+-----
Maces & Flails | 2 |  2.7
Shields        | 3 |  3.4
Dodging        | 3 |  3.2
Fighting       | 3 |  3.0
Stealth        | |  0.1

Action                   |  1- 3 |  4- 6 || total
-------------------------+-------+-------++-------
Melee: Flail             |   115 |       ||   115
       Whip              |    70 |   138 ||   208
  Use: Scroll            |     3 |     4 ||     7
 Stab: Sleeping          |     1 |     1 ||     2
Armor: Robe              |    85 |    63 ||   148
Dodge: Dodged            |   103 |    55 ||   158
Block: Kite shield       |   109 |    61 ||   170

Table legend: (Time is in decaauts)
 A = Elapsed time spent in this place.
 B = Non-inter-level travel time spent in this place.
 C = Inter-level travel time spent in this place.
 D = Time resting spent in this place.
 E = Time spent auto-exploring this place.
 F = Levels seen in this place.
 G = Mean time per level.
                   A        B        C        D        E       F      G
               +--------+--------+--------+--------+--------+-----+--------+
         Total |   2051 |   2018 |     33 |     28 |   1137 |   4 |  512.8 |
       Dungeon |   2051 |   2018 |     33 |     28 |   1137 |   4 |  512.8 |
               +--------+--------+--------+--------+--------+-----+--------+

Top non-repeatable levels by time:
     D:3: 769 daAuts
     D:2: 617 daAuts
     D:1: 564 daAuts
     D:4: 100 daAuts
